 Dungeon Crawl Stone Soup version 0.15.0-12-gccce430 (console) character file.

4 gw the Chucker (level 1, -4/22 HPs)
             Began as an Ogre Hunter on Sept 1, 2014.
             Slain by a hobgoblin
             ... wielding a +0 club
              (7 damage)
             ... on Level 1 of the Dungeon.
             The game lasted 00:00:06 (74 turns).

gw the Chucker (Ogre Hunter)                          Turns: 74, Time: 00:00:06

HP  -4/22        AC  3     Str 16      XL: 1   Next: 70%
MP   1/1         EV 10     Int 10      God:
Gold 0           SH  0     Dex 10      Spells:  0 memorised,  0 levels left

rFire  . . .     SeeInvis .     a - +1 club
rCold  . . .     Clarity  .     d - +0 animal skin
rNeg   . . .     rCorr    .     (shield restricted)
rPois  .         rRot     .     (helmet restricted)
rElec  .         Spirit   .     (no cloak)
SustAb .         Warding  .     (gloves unavailable)
rMut   .         Stasis   .     (boots unavailable)
Gourm  .                        (no amulet)
MR     .....                    (no ring)
                                (no ring)

@: not resistant to hostile enchantments, very unstealthy
A: unfitting armour, tough skin 1
a: no special abilities


You were on level 1 of the Dungeon.
You were not hungry.

You visited 1 branch of the dungeon, and saw 1 of its levels.

Inventory:

Hand weapons
 a - a +1 club (weapon)
Missiles
 b - 2 large rocks (quivered)
 c - 2 throwing nets
Armour
 d - a +0 animal skin (worn)
Comestibles
 f - a meat ration
 g - a bread ration


   Skills:
 + Level 2.9 Fighting
 * Level 1.7 Maces & Flails
 + Level 4.3 Throwing
 + Level 2.0 Dodging
 - Level 0.7 Stealth


You couldn't memorise any spells.
You didn't know any spells.

Dungeon Overview and Level Annotations

Branches:
Dungeon (1/15)

Altars:


Innate Abilities, Weirdness & Mutations

You are too large for most types of armour.
You have tough skin (AC +1).


Message History

The kobold is heavily wounded.
The kobold hits you but does no damage.
ATTACKING (-1,0)
You barely miss the kobold.
The kobold is heavily wounded.
The kobold hits you but does no damage.
ATTACKING (-1,0)
You hit the kobold.
You kill the kobold!
Your Dodging skill increases to level 2!
The hobgoblin misses you.
FLEEEEING!
ATTACKING (-1,0)
You barely miss the hobgoblin. The hobgoblin hits you with a club.
FLEEEEING!
ATTACKING (-1,0)
You closely miss the hobgoblin. The hobgoblin hits you with a club!
You die...

#.. #.# #.# ######.#
#......# #......#
#......############
#........rbgO....>#
#######.....###########
..........#.#
..........#...
..........####.#
%.......(.# #
..........# ..#.....###
..#'#...#


You could see a hobgoblin, a bat and a rat.

Table legend:
 A = Turns spent in this place as a percentage of turns spent in the entire game.
 B = Non-inter-level travel turns spent in this place as a percentage of non-inter-level travel turns spent in the entire game.
 C = Inter-level travel turns spent in this place as a percentage of turns spent in this place.
 D = Turns resting spent in this place as a percentage of non-inter-level travel turns spent in this place.
 E = Turns spent auto-exploring this place as a percentage of non-inter-level travel turns spent in this place.
 F = Non-inter-level travel turns spent in this place divided by the number of levels of this place that you've seen.
                   A       B       C       D       E      F
               +-------+-------+-------+-------+-------+----------------------
         Total | 100.0 | 100.0 |   0.0 |   0.0 |   8.7 |  46.0
       Dungeon | 100.0 | 100.0 |   0.0 |   0.0 |   8.7 |  46.0
               +-------+-------+-------+-------+-------+----------------------

Table legend:
 A = Kills in this place as a percentage of kills in entire the game.
 B = Kills by you in this place as a percentage of kills by you in the entire game.
 C = Kills by friends in this place as a percentage of kills by friends in the entire game.
 D = Other kills in this place as a percentage of other kills in the entire game.
 E = Experience gained in this place as a percentage of experience gained in the entire game.
 F = Experience gained in this place divided by the number of levels of this place that you have seen.
                   A       B       C       D       E      F
               +-------+-------+-------+-------+-------+----------------------
         Total | 100.0 | 100.0 |  -nan |  -nan | 100.0 |   7.0
       Dungeon | 100.0 | 100.0 |  -nan |  -nan | 100.0 |   7.0
               +-------+-------+-------+-------+-------+----------------------

Vanquished Creatures
  A giant gecko (D:1)
  A hobgoblin (D:1)
  2 kobolds (D:1)
4 creatures vanquished.

Notes
Turn   | Place    | Note
--------------------------------------------------------------
     0 | D:1      | gw, the Ogre Hunter, began the quest for the Orb.
     0 | D:1      | Reached XP level 1. HP: 22/22 MP: 1/1
    74 | D:1      | Slain by a hobgoblin

Action                   || total
-------------------------++-------
Melee: Club              ||    12
Throw: Large rock        ||     3

Vault maps used:
D:1:      scummos_arrival_gate, kennysheep_minor_cross, moated_statue
